 Dungeon Sprint DCSS version 0.27.1-33-g824d729ab1 (webtiles) character file.

Game seed: 13391624619082046483

2061 Adenis the Imperceptible (level 9, -4/103 HPs)
             Began as a Vampire Brigand on Dec 7, 2021.
             Was a Believer of Trog.
             Slain by an ice devil (23 damage)
             ... summoned by a kobold demonologist
             ... in the Dungeon (Sprint I: "Red Sonja").
             The game lasted 00:02:03 (430 turns).

Adenis the Imperceptible (Vampire Brigand)           Turns: 430, Time: 00:02:04

Health: -4/103     AC: -1    Str: 10    XL:     9   Next: 5%
Magic:  9/9        EV: 13    Int: 13    God:    Trog [**....]
Gold:   513        SH:  0    Dex: 19    Spells: 8/8 levels left

rFire    . . .     SeeInvis +   l - +3 dagger (flame)
rCold    . . .     Faith    .   (no shield)
rNeg     . . .     Spirit   .   b - +0 robe
rPois    .         Reflect  .   (no helmet)
rElec    .         Harm     .   c - +0 cloak
rCorr    .         Rampage  .   (no gloves)
Will     .....     NoTele   +   (no boots)
Stlth    ..........             (no amulet)
HPRegen  0.47/turn              (no ring)
MPRegen  0.11/turn              (no ring)

@: berserking, corroded, healing quickly, very quick
A: alive, fangs 3, see invisible, vampiric 2
a: Exsanguinate, Renounce Religion, Berserk, Trog's Hand


You were in the Dungeon.
You worshipped Trog.
Trog was pleased with you.
You visited 1 branch You collected 513 gold pieces.

Inventory:

Hand Weapons
 a - a +2 dagger
 l - a +3 dagger of flaming (weapon)
Missiles
 d - 8 poisoned darts (quivered)
 e - 4 curare-tipped darts
Armour
 b - a +0 robe (worn)
 c - a +0 cloak (worn)
Scrolls
 k - a scroll of blinking
Potions
 f - a potion of curing
 g - a potion of heal wounds
 h - a potion of haste
 i - 3 potions of magic


   Skills:
 + Level 6.1 Fighting
 + Level 8.2 Short Blades
 + Level 4.8 Throwing
 + Level 2.7 Dodging
 + Level 23.3 Stealth


You had 8 spell levels left.
You didn't know any spells.
Your spell library was empty.

Dungeon Overview and Level Annotations

Branches:
Dungeon (1/1)

Altars:
Cheibriados
Dithmenos
Elyvilon
Fedhas
Gozag
Hepliaklqana
Kikubaaqudgha
Makhleb
Nemelex Xobeh
Okawaru
Qazlal
Ru
Sif Muna
Trog
Uskayaw
Vehumet
Wu Jian
Xom
Yredelemnul
Zin
The Shining One
Jiyva
Lugonu

Shops:
D ([


Innate Abilities, Weirdness & Mutations

Your natural rate of healing is accelerated.
You have razor-sharp teeth.
You have supernaturally acute eyesight. (SInv)
You are afflicted with vampirism and can become a bat while bloodless.


Message History

The kobold demonologist closely misses you.
You puncture the kobold demonologist! You burn the kobold demonologist.
You kill the kobold demonologist!
Trog accepts your kill.
You can now call upon Trog for regeneration and willpower.
Trog appreciates your killing of a magic user.
The rust devil disappears in a puff of smoke!
The ice devil hits you! The ice devil freezes you!
Your Fighting skill increases to level 6!
Your Short Blades skill increases to level 8!
Your Stealth skill increases to level 23!
You have reached level 9!
Your experience leads to an increase in your attributes!
Increase (S)trength, (I)ntelligence, or (D)exterity?
You feel agile.
The kobold demonologist begins to cast a cantrip, but forgets the words!
The rust devil hits you! The rust devil corrodes you!
You puncture the kobold demonologist! You burn the kobold demonologist.
The kobold demonologist is moderately wounded.
The ice devil hits you! The ice devil freezes you!
You hit the kobold demonologist but do no damage.
The kobold demonologist is moderately wounded.
The kobold demonologist looks braver for a moment.
You hit the kobold demonologist. You burn the kobold demonologist.
The kobold demonologist is heavily wounded.
The rust devil closely misses you. The ice devil hits you!
The ice devil freezes you!
* * * LOW HITPOINT WARNING * * *
You puncture the kobold demonologist! You burn the kobold demonologist.
The kobold demonologist is severely wounded.
You hit the kobold demonologist. You burn the kobold demonologist.
The kobold demonologist is almost dead.
The kobold demonologist completely misses you.
The rust devil barely misses you.
You barely miss the kobold demonologist.
The kobold demonologist is almost dead.
The ice devil hits you.
* * * LOW HITPOINT WARNING * * *
The ice devil freezes you!!
You die...

####################
'..#.)'..#__#..'.4.#
#.)'..#..'..'..#@4.#
##'#####'#__####K..+
#..#...#[#### #####
####..##(#
___##'#_.+
∩..÷'..._#
.__##_.#+# ___###[#
######.####+###


You could see an ice devil (summoned), a rust devil (summoned) and a kobold
demonologist.

Vanquished Creatures
  Sonja (D)
  A deep troll (D)
  A kobold demonologist (D)
  A slime creature (D)
  A yak (D)
  Sigmund (D)
  A floating eye (D)
  An ogre (D)
  A jelly (D)
  Ijyb (D)
10 creatures vanquished.

Vanquished Creatures (others)
  A gargoyle (D)
1 creature vanquished.

Grand Total: 11 creatures vanquished

Notes
Turn   | Place    | Note
-------+----------+-------------------------------------------
     0 | D        | Adenis the Vampire Brigand began the quest for the Orb.
     0 | D        | Reached XP level 1. HP: 16/16 MP: 1/1
     2 | D        | Noticed Ijyb
     5 | D        | Killed Ijyb
     6 | D        | Reached skill level 9 in Stealth
     6 | D        | Reached XP level 2. HP: 22/22 MP: 2/2
     9 | D        | Noticed an ogre
    12 | D        | Killed an ogre
    13 | D        | Reached skill level 12 in Stealth
    13 | D        | Gained mutation: You are afflicted with vampirism and can
                  | become a bat while bloodless. [Vampire growth]
    13 | D        | Reached XP level 3. HP: 28/28 MP: 3/3
    13 | D        | Reached XP level 4. HP: 34/34 MP: 4/4
    23 | D        | Noticed Sigmund
    26 | D        | Killed Sigmund
    27 | D        | Reached skill level 15 in Stealth
    27 | D        | Reached XP level 5. HP: 41/41 MP: 5/5
    38 | D        | Found a shimmering blue altar of Sif Muna.
    39 | D        | Found an ornate altar of the Wu Jian Council.
    41 | D        | Found a radiant altar of Vehumet.
    41 | D        | Identified the +0 robe of Minor Irritation {rElec rF+}
    46 | D        | Reached skill level 5 in Short Blades
    46 | D        | Reached skill level 16 in Stealth
    46 | D        | Reached XP level 6. HP: 48/48 MP: 6/6
    48 | D        | Found Vebel's Antique Armour Emporium.
    48 | D        | Found an ancient bone altar of Kikubaaqudgha.
    48 | D        | Found a hazy altar of Hepliaklqana.
    48 | D        | Found a stormy altar of Qazlal.
    48 | D        | Found a hide-covered altar of Uskayaw.
    48 | D        | Found a blossoming altar of Fedhas.
    48 | D        | Found a bloodstained altar of Trog.
    48 | D        | Found an iron altar of Okawaru.
    48 | D        | Found a basalt altar of Yredelemnul.
    48 | D        | Found a snail-covered altar of Cheibriados.
    48 | D        | Found a sacrificial altar of Ru.
    48 | D        | Found a shadowy altar of Dithmenos.
    48 | D        | Noticed a yak
    49 | D        | Found an opulent altar of Gozag.
    50 | D        | Killed a yak
    51 | D        | Reached skill level 18 in Stealth
    51 | D        | Found a sparkling altar of Nemelex Xobeh.
    56 | D        | Became a worshipper of Trog the Wrathful
    65 | D        | Noticed Sonja
    69 | D        | Killed Sonja
    70 | D        | Reached skill level 5 in Fighting
    70 | D        | Reached skill level 20 in Stealth
    70 | D        | Reached XP level 7. HP: 56/56 MP: 7/7
    70 | D        | Reached XP level 8. HP: 62/62 MP: 8/8
   123 | D        | Found Emuroapp's Antique Weapon Boutique.
   143 | D        | Noticed a deep troll
   164 | D        | Killed a deep troll
   164 | D        | Reached * piety under Trog
   165 | D        | Reached skill level 22 in Stealth
   374 | D        | Killed a gargoyle
   400 | D        | Found a burning altar of Makhleb.
   400 | D        | Found a viscous altar of Jiyva.
   400 | D        | Found a shimmering altar of Xom.
   400 | D        | Found a corrupted altar of Lugonu.
   400 | D        | Noticed a slime creature
   403 | D        | Killed a slime creature
   416 | D        | Noticed a kobold demonologist
   417 | D        | Noticed a kobold demonologist
   420 | D        | Noticed an ice devil
   421 | D        | Noticed a rust devil
   421 | D        | Noticed a rust devil
   423 | D        | Killed a kobold demonologist
   423 | D        | Reached ** piety under Trog
   424 | D        | Reached skill level 23 in Stealth
   424 | D        | Reached XP level 9. HP: 69/69 MP: 9/9
   430 | D        | Slain by an ice devil

Illustrated notes

Levels and vault maps discovered:
D:        dungeon_sprint_1 [red_sonja_temple_1, red_sonja_temple_small_1]

Skill      XL: |  1  2  3  4  5  6  7  8 |
---------------+-------------------------+-----
Fighting       | 2 3 5 6 |  6.1
Short Blades   | 3 4 5 7 8 |  8.2
Throwing       | 2 3 4 |  4.8
Stealth        | 9 12 15 16 20 23 | 23.3
Dodging        | 2 |  2.7

Action                   |  1- 3 |  4- 6 |  7- 9 || total
-------------------------+-------+-------+-------++-------
Melee: Dagger            |     2 |     4 |    26 ||    32
       Bite              |       |       |     3 ||     3
Invok: Berserk           |       |       |     1 ||     1
  Use: Potion            |       |       |     1 ||     1
 Stab: Sleeping          |     2 |     4 |     2 ||     8
Dodge: Dodged            |       |       |    12 ||    12
